| TOP OF THE 1ST |
|
Knoxville Blue Jays batting - Pitching for Columbus Skeeters : RHP Carlos Zeballos
|
|
Pitching: RHP Carlos Zeballos
|
|
|
Batting: RHB Alex Taveras
|
0-0: Ball 1-0: Foul Ball, location: 2F 1-1: Foul Ball, location: 2F 1-2: Ball 2-2: Strikes out swinging
|
|
Batting: RHB Alex Villalobos
|
0-0: Ball 1-0: Called Strike 1-1: Ball 2-1: Fly out, F7 (Flyball, 7S, EV 87.5 MPH)
|
|
Batting: LHB Paul O'Neill
|
0-0: Called Strike 0-1: Ball 1-1: Called Strike 1-2: Strikes out swinging
|
| Top of the 1st over - 0 runs, 0 hits, 0 errors, 0 left on base; Knoxville 0 - Columbus 0 |
| BOTTOM OF THE 1ST |
|
Columbus Skeeters batting - Pitching for Knoxville Blue Jays : LHP Pete Filson
|
|
Pitching: LHP Pete Filson
|
|
|
Batting: RHB Randolph Ebersberger
|
0-0: Called Strike 0-1: Foul Ball, location: 2F 0-2: Ground out 6-3 (Groundball, 6, EV 79.4 MPH)
|
|
Batting: RHB Steve Springer
|
0-0: Ground out 6-3 (Groundball, 6, EV 84.4 MPH)
|
|
Batting: LHB Sam Horn
|
0-0: Foul Ball, location: 2F 0-1: Called Strike 0-2: Strikes out looking
|
| Bottom of the 1st over - 0 runs, 0 hits, 0 errors, 0 left on base; Knoxville 0 - Columbus 0 |
| TOP OF THE 2ND |
|
Knoxville Blue Jays batting - Pitching for Columbus Skeeters : RHP Carlos Zeballos
|
|
Batting: RHB Jose Canseco
|
0-0: Ball 1-0: SOLO HOME RUN (Flyball, 7D, EV 106.9 MPH), Distance : 371 ft
|
|
Batting: RHB Fritzie Connally
|
0-0: Called Strike 0-1: Foul Ball, location: 2F 0-2: Ball 1-2: Strikes out swinging
|
|
Batting: RHB Miguel Rodriguez
|
0-0: Called Strike 0-1: Ball 1-1: Ball 2-1: Foul Ball, location: 2F 2-2: DOUBLE (Line Drive, 7LS, EV 99.4 MPH)
|
|
Batting: SHB Butch Wynegar
|
0-0: Ball 1-0: SINGLE (Groundball, 6MD, EV 97.5 MPH) Miguel Rodriguez to third Runner from 3rd tries for Home, SAFE, throw by CF to home
|
|
Batting: RHB Eugene Pallavicini
|
0-0: Swinging Strike 0-1: Ball 1-1: Ball 2-1: Ball Wild Pitch! Butch Wynegar to second 3-1: SINGLE (Groundball, 56D, EV 98.1 MPH) Butch Wynegar to third Runner from 3rd tries for Home, SAFE, throw by LF to home
|
|
Batting: RHB Jerry Royster
|
0-0: Ball 1-0: Ground out 5-3 (Groundball, 56S, EV 71.9 MPH) Eugene Pallavicini to second
|
|
Batting: RHB Alex Taveras
|
0-0: Ball 1-0: Ball 2-0: Foul Ball, location: 2F 2-1: Ball 3-1: Base on Balls
|
|
Batting: RHB Alex Villalobos
|
0-0: Foul Ball, location: 2F 0-1: Ball 1-1: Foul Ball, location: 2F 1-2: Fielders Choice at 2nd, 6-4 (Groundball, 6, EV 92.5 MPH)
|
| Top of the 2nd over - 3 runs, 4 hits, 0 errors, 2 left on base; Knoxville 3 - Columbus 0 |
| BOTTOM OF THE 2ND |
|
Columbus Skeeters batting - Pitching for Knoxville Blue Jays : LHP Pete Filson
|
|
Batting: RHB Danny Sheaffer
|
0-0: Called Strike 0-1: Reached via error on a dropped throw from 2B, E3 (Groundball, 34, EV 100.6 MPH)
|
|
Batting: LHB John Weller
|
0-0: Called Strike 0-1: Foul Ball, location: 2F 0-2: Ball 1-2: Ball 2-2: Foul Ball, location: 2F 2-2: Fly out, F7 (Flyball, 78S, EV 95.6 MPH)
|
|
Batting: RHB George Dierberger
|
0-0: Ball 1-0: Called Strike 1-1: SINGLE (Flyball, 5D, EV 88.1 MPH) Danny Sheaffer to second
|
|
Batting: RHB Gregory Pastors
|
0-0: Ball 1-0: Ball 2-0: Ball 3-0: Called Strike 3-1: Foul Ball, location: 2F 3-2: Fly out, F9 (Flyball, 9LS, EV 81.3 MPH)
|
|
Batting: RHB Dave White
|
0-0: Called Strike 0-1: 3-RUN HOME RUN (Flyball, 7D, EV 97.5 MPH), Distance : 360 ft
|
|
Batting: SHB Mike Howard
|
0-0: Foul Ball, location: 2F 0-1: Swinging Strike 0-2: Strikes out swinging, 2-3 out at first.
|
| Bottom of the 2nd over - 3 runs, 2 hits, 1 error, 0 left on base; Knoxville 3 - Columbus 3 |
| TOP OF THE 3RD |
|
Knoxville Blue Jays batting - Pitching for Columbus Skeeters : RHP Carlos Zeballos
|
|
Batting: LHB Paul O'Neill
|
0-0: Ball 1-0: Foul Ball, location: 2F 1-1: Called Strike 1-2: SINGLE (Groundball, 23, EV 69.4 MPH) (infield hit)
|
|
Batting: RHB Jose Canseco
|
0-0: Called Strike 0-1: Grounds into double play, 6-4-3 (Groundball, 6, EV 81.3 MPH)
|
|
Batting: RHB Fritzie Connally
|
0-0: Called Strike 0-1: Ball 1-1: Foul Ball, location: 2F 1-2: Ground out 5-3 (Groundball, 56, EV 106.3 MPH)
|
| Top of the 3rd over - 0 runs, 1 hit, 0 errors, 0 left on base; Knoxville 3 - Columbus 3 |
| BOTTOM OF THE 3RD |
|
Columbus Skeeters batting - Pitching for Knoxville Blue Jays : LHP Pete Filson
|
|
Batting: RHB Randolph Ebersberger
|
0-0: Swinging Strike 0-1: Swinging Strike 0-2: Foul Ball, location: 2F 0-2: Ball 1-2: Strikes out swinging
|
|
Batting: RHB Steve Springer
|
0-0: Foul Ball, location: 2F 0-1: Ball 1-1: Swinging Strike 1-2: Ball 2-2: Foul Ball, location: 2F 2-2: Strikes out swinging
|
|
Batting: LHB Sam Horn
|
0-0: Ball 1-0: Foul Ball, location: 2F 1-1: Ball 2-1: Ball 3-1: Foul Ball, location: 2F 3-2: Foul Ball, location: 2F 3-2: Strikes out swinging
|
| Bottom of the 3rd over - 0 runs, 0 hits, 0 errors, 0 left on base; Knoxville 3 - Columbus 3 |
| TOP OF THE 4TH |
|
Knoxville Blue Jays batting - Pitching for Columbus Skeeters : RHP Carlos Zeballos
|
|
Batting: RHB Miguel Rodriguez
|
0-0: SINGLE (Line Drive, 89S, EV 107.5 MPH)
|
|
Batting: SHB Butch Wynegar
|
0-0: Ball 1-0: Foul Ball, location: 2F 1-1: Ball 2-1: Fly out, F8 (Line Drive, 8RD, EV 110.0 MPH)
|
|
Batting: RHB Eugene Pallavicini
|
0-0: Swinging Strike 0-1: Ball 1-1: Fly out, F7 (Flyball, 78S, EV 90.6 MPH)
|
|
Batting: RHB Jerry Royster
|
0-0: Ball 1-0: Called Strike 1-1: Ball 2-1: Ball 3-1: Called Strike 3-2: Fly out, F9 (Flyball, 89M, EV 77.5 MPH)
|
| Top of the 4th over - 0 runs, 1 hit, 0 errors, 1 left on base; Knoxville 3 - Columbus 3 |
| BOTTOM OF THE 4TH |
|
Columbus Skeeters batting - Pitching for Knoxville Blue Jays : LHP Pete Filson
|
|
Batting: RHB Danny Sheaffer
|
0-0: Foul Ball, location: 2F 0-1: Fly out, F9 (Flyball, 9LM, EV 79.4 MPH)
|
|
Batting: LHB John Weller
|
0-0: Ball 1-0: Ball 2-0: Ball 3-0: Called Strike 3-1: Ground out 1-3 (Groundball, 15S, EV 68.8 MPH)
|
|
Batting: RHB George Dierberger
|
0-0: Ball 1-0: Ground out 6-3 (Groundball, 6, EV 91.3 MPH)
|
| Bottom of the 4th over - 0 runs, 0 hits, 0 errors, 0 left on base; Knoxville 3 - Columbus 3 |
| TOP OF THE 5TH |
|
Knoxville Blue Jays batting - Pitching for Columbus Skeeters : RHP Carlos Zeballos
|
|
Batting: RHB Alex Taveras
|
0-0: Hit by Pitch
|
|
Batting: RHB Alex Villalobos
|
0-0: Called Strike Alex Taveras steals 2nd base 0-1: Swinging Strike 0-2: Strikes out swinging
|
|
Batting: LHB Paul O'Neill
|
0-0: Ball Alex Taveras steals 3rd base 1-0: Called Strike 1-1: Ball 2-1: Ball 3-1: Swinging Strike 3-2: DOUBLE (Line Drive, 89D, EV 104.4 MPH) Alex Taveras scores
|
|
Batting: RHB Jose Canseco
|
0-0: Ball 1-0: Called Strike 1-1: Called Strike 1-2: Ball 2-2: Foul Ball, location: 2F 2-2: Ball 3-2: Strikes out swinging
|
|
Batting: RHB Fritzie Connally
|
0-0: Ball 1-0: Called Strike 1-1: Foul Ball, location: 2F 1-2: Ball 2-2: Foul Ball, location: 2F 2-2: Foul Ball, location: 2F 2-2: Fly out, F4 (Popup, 4MD, EV 46.3 MPH)
|
| Top of the 5th over - 1 run, 1 hit, 0 errors, 1 left on base; Knoxville 4 - Columbus 3 |
| BOTTOM OF THE 5TH |
|
Columbus Skeeters batting - Pitching for Knoxville Blue Jays : LHP Pete Filson
|
|
Batting: RHB Gregory Pastors
|
0-0: Ball 1-0: Ground out 6-3 (Groundball, 6, EV 105.0 MPH)
|
|
Batting: RHB Dave White
|
0-0: Called Strike 0-1: Foul Ball, location: 2F 0-2: Strikes out swinging
|
|
Batting: SHB Mike Howard
|
0-0: Fly out, F8 (Flyball, 8LD, EV 91.9 MPH)
|
| Bottom of the 5th over - 0 runs, 0 hits, 0 errors, 0 left on base; Knoxville 4 - Columbus 3 |
| TOP OF THE 6TH |
|
Knoxville Blue Jays batting - Pitching for Columbus Skeeters : RHP Carlos Zeballos
|
|
Batting: RHB Miguel Rodriguez
|
0-0: Ball 1-0: Fly out, F8 (Flyball, 8RM, EV 90.0 MPH)
|
|
Batting: SHB Butch Wynegar
|
0-0: Called Strike 0-1: Called Strike 0-2: Ball 1-2: Foul Ball, location: 2F 1-2: Ball 2-2: Strikes out swinging
|
|
Batting: RHB Eugene Pallavicini
|
0-0: Ball 1-0: Ball 2-0: SINGLE (Line Drive, 5D, EV 94.4 MPH)
|
|
Batting: RHB Jerry Royster
|
0-0: Called Strike 0-1: Ball 1-1: Ball 2-1: Swinging Strike 2-2: Fielders Choice at 2nd, 6-4 (Groundball, 6, EV 87.5 MPH)
|
| Top of the 6th over - 0 runs, 1 hit, 0 errors, 1 left on base; Knoxville 4 - Columbus 3 |
| BOTTOM OF THE 6TH |
|
Columbus Skeeters batting - Pitching for Knoxville Blue Jays : LHP Pete Filson
|
|
Batting: RHB Randolph Ebersberger
|
0-0: Called Strike 0-1: Swinging Strike 0-2: Ball 1-2: Strikes out looking
|
|
Batting: RHB Steve Springer
|
0-0: Called Strike 0-1: Called Strike 0-2: Ball 1-2: Strikes out swinging
|
|
Batting: LHB Sam Horn
|
0-0: Ball 1-0: Called Strike 1-1: Foul Ball, location: 2F 1-2: Ball 2-2: Strikes out swinging
|
| Bottom of the 6th over - 0 runs, 0 hits, 0 errors, 0 left on base; Knoxville 4 - Columbus 3 |
| TOP OF THE 7TH |
|
Knoxville Blue Jays batting - Pitching for Columbus Skeeters : RHP Carlos Zeballos
|
|
Batting: RHB Alex Taveras
|
0-0: Foul Ball, location: 2F 0-1: Ball 1-1: Called Strike 1-2: Ball 2-2: Fly out, F8 (Flyball, 8LM, EV 80.6 MPH)
|
|
Batting: RHB Alex Villalobos
|
0-0: Called Strike 0-1: Ball 1-1: Foul Ball, location: 2F 1-2: DOUBLE (Line Drive, 9LD, EV 112.5 MPH)
|
|
Batting: LHB Paul O'Neill
|
0-0: Ball 1-0: Ball Alex Villalobos is caught stealing 3rd base 2-5 2-0: SINGLE (Groundball, 13S, EV 72.5 MPH) (infield hit)
|
|
Batting: RHB Jose Canseco
|
0-0: Called Strike 0-1: Ball 1-1: Fly out, F8 (Flyball, 8RD, EV 99.4 MPH)
|
| Top of the 7th over - 0 runs, 2 hits, 0 errors, 1 left on base; Knoxville 4 - Columbus 3 |
| BOTTOM OF THE 7TH |
|
Columbus Skeeters batting - Pitching for Knoxville Blue Jays : LHP Pete Filson
|
|
Batting: RHB Danny Sheaffer
|
0-0: Foul Ball, location: 2F 0-1: Ball 1-1: Foul Ball, location: 2F 1-2: Ground out 6-3 (Groundball, 56, EV 86.9 MPH)
|
|
Batting: LHB John Weller
|
0-0: Called Strike 0-1: Ball 1-1: Called Strike 1-2: Ball 2-2: Ball 3-2: Foul Ball, location: 2F 3-2: Fly out, F8 (Flyball, 78XD, EV 103.1 MPH)
|
|
Batting: RHB George Dierberger
|
0-0: Foul Ball, location: 2F 0-1: SOLO HOME RUN (Flyball, 78XD, EV 110.0 MPH), Distance : 408 ft
|
|
Batting: RHB Gregory Pastors
|
0-0: Called Strike 0-1: SINGLE (Line Drive, 3D, EV 100.0 MPH)
|
|
Batting: RHB Dave White
|
0-0: Ball 1-0: Ball 2-0: Ball 3-0: Base on Balls Gregory Pastors to second
|
|
Batting: SHB Mike Howard
|
0-0: Foul Ball, location: 2F 0-1: Ball 1-1: Fly out, F7 (Flyball, 7S, EV 90.0 MPH)
|
| Bottom of the 7th over - 1 run, 2 hits, 0 errors, 2 left on base; Knoxville 4 - Columbus 4 |
| TOP OF THE 8TH |
|
Knoxville Blue Jays batting - Pitching for Columbus Skeeters : RHP Carlos Zeballos
|
|
Batting: RHB Fritzie Connally
|
0-0: Ground out 4-3 (Groundball, 4, EV 85.0 MPH)
|
|
Batting: RHB Miguel Rodriguez
|
0-0: Ball 1-0: Ball 2-0: Ball 3-0: Base on Balls
|
|
Batting: SHB Butch Wynegar
|
0-0: Called Strike 0-1: Called Strike 0-2: Ball 1-2: Ball 2-2: Strikes out swinging Miguel Rodriguez is caught stealing 2nd base 2-6 Batter strikes out.
|
| Top of the 8th over - 0 runs, 0 hits, 0 errors, 0 left on base; Knoxville 4 - Columbus 4 |
| BOTTOM OF THE 8TH |
|
Columbus Skeeters batting - Pitching for Knoxville Blue Jays : LHP Pete Filson
|
|
Batting: RHB Randolph Ebersberger
|
0-0: Swinging Strike 0-1: Foul Ball, location: 2F 0-2: Ball 1-2: Strikes out swinging
|
|
Batting: RHB Steve Springer
|
0-0: Called Strike 0-1: Called Strike 0-2: Foul Ball, location: 2F 0-2: Strikes out swinging
|
|
Batting: LHB Sam Horn
|
0-0: Swinging Strike 0-1: Swinging Strike 0-2: Strikes out swinging
|
| Bottom of the 8th over - 0 runs, 0 hits, 0 errors, 0 left on base; Knoxville 4 - Columbus 4 |
| TOP OF THE 9TH |
|
Knoxville Blue Jays batting - Pitching for Columbus Skeeters : RHP Carlos Zeballos
|
|
Pitching: LHP Keith Comstock
|
|
|
Batting: RHB Eugene Pallavicini
|
0-0: Ball 1-0: Fly out, F7 (Flyball, 7LS, EV 93.8 MPH)
|
|
Batting: RHB Jerry Royster
|
0-0: Ball 1-0: Ball 2-0: Ball 3-0: Base on Balls
|
|
Batting: RHB Alex Taveras
|
0-0: Ball 1-0: Ball 2-0: Ball Wild Pitch! Jerry Royster to second 3-0: Base on Balls
|
|
Batting: RHB Alex Villalobos
|
0-0: Ground out 6-3 (Groundball, 56, EV 100.0 MPH) Jerry Royster to third Alex Taveras to second
|
|
Batting: LHB Paul O'Neill
|
0-0: Ball 1-0: Ground out 4-3 (Groundball, 4, EV 105.6 MPH)
|
| Top of the 9th over - 0 runs, 0 hits, 0 errors, 2 left on base; Knoxville 4 - Columbus 4 |
| BOTTOM OF THE 9TH |
|
Columbus Skeeters batting - Pitching for Knoxville Blue Jays : LHP Pete Filson
|
|
Pitching: LHP Jeff Haines
|
|
|
Batting: RHB Danny Sheaffer
|
0-0: Ball 1-0: Ground out 5-3 (Groundball, 56S, EV 90.6 MPH)
|
|
Pinch Hitting: RHB Venoy Garrison
|
0-0: Ball 1-0: TRIPLE (Line Drive, 78XD, EV 110.0 MPH)
|
|
Batting: RHB George Dierberger
|
0-0: Intentional Walk
|
|
Pinch Hitting: RHB Heri Ramirez
|
0-0: Swinging Strike 0-1: Ball 1-1: Ball 2-1: Swinging Strike 2-2: Fly out, F9 (Flyball, 9LM, EV 87.5 MPH) Runner from 3rd tags up, SCORES, no throw by RF
|
| Bottom of the 9th over - 1 run, 1 hit, 0 errors, 0 left on base; Knoxville 4 - Columbus 5 |
|